 Dungeon Crawl Stone Soup version 0.29-a0-553-g81b289dbe5 (webtiles) character file.

Game seed: 17465632080696494850

223 DocClef the Covert (level 6, -9/53 HPs)
             Began as a Gnoll Delver on June 6, 2022.
             Mangled by an orc warrior
             ... wielding a +0 scimitar
              (23 damage)
             ... on level 4 of the Dungeon.
             The game lasted 00:01:15 (1186 turns).

DocClef the Covert (Gnoll Delver)                   Turns: 1186, Time: 00:01:16

Health: -9/53      AC:  3    Str: 13    XL:     6   Next: 0%
Magic:  8/8        EV: 13    Int:  9    God:
Gold:   13         SH:  0    Dex: 14    Spells: 8/8 levels left

rFire   . . .      SeeInvis .   a - +0 short sword
rCold   . . .      Faith    .   (no shield)
rNeg    . . .      Spirit   .   b - +0 leather armour
rPois   .          Reflect  .   (no helmet)
rElec   .          Harm     .   (no cloak)
rCorr   .          Rampage  .   (no gloves)
Will    +....                   (no boots)
Stlth   ++++......              (no amulet)
HPRegen 0.17/turn               h - ring of willpower
MPRegen 0.11/turn               (no ring)

@: no status effects
A: fangs 1, strong nose, distributed training
a: no special abilities


You were on level 4 of the Dungeon.
You visited 1 branch of the dungeon, and saw 3 of its levels.

You collected 13 gold pieces.

Inventory:

Hand Weapons
 a - a +0 short sword (weapon)
Armour
 b - a +0 leather armour (worn)
Jewellery
 h - a ring of willpower (left hand)
 n - a +6 ring of intelligence
Wands
 g - a wand of digging (3)
Scrolls
 c - a scroll of fog
 d - a scroll of magic mapping
 e - a scroll of fear
 i - 2 scrolls of identify {unknown}
 j - a scroll of immolation {unknown}
 l - a scroll of teleportation {unknown}
 m - a scroll of noise {unknown}
Potions
 f - a potion of haste
 k - a potion of curing {unknown}


   Skills:
 + Level 6.7 Fighting
 + Level 4.9 Short Blades
 + Level 1.7 Long Blades
 + Level 1.7 Axes
 + Level 1.7 Maces & Flails
 + Level 1.7 Polearms
 + Level 1.7 Staves
 + Level 1.7 Slings
 + Level 1.7 Bows
 + Level 1.7 Crossbows
 + Level 1.7 Throwing
 + Level 1.7 Armour
 + Level 4.9 Dodging
 + Level 9.7 Stealth
 + Level 1.7 Shields
 + Level 1.7 Unarmed Combat
 + Level 1.7 Spellcasting
 + Level 1.3 Conjurations
 + Level 1.3 Hexes
 + Level 1.3 Summonings
 + Level 1.3 Necromancy
 + Level 1.3 Translocations
 + Level 1.3 Transmutations
 + Level 1.3 Fire Magic
 + Level 1.3 Ice Magic
 + Level 1.3 Air Magic
 + Level 1.3 Earth Magic
 + Level 1.3 Poison Magic
 + Level 1.9 Invocations
 + Level 1.7 Evocations


You had 8 spell levels left.
You didn't know any spells.
Your spell library was empty.

Dungeon Overview and Level Annotations

Branches:
Dungeon (6/15)
 Temple: D:4-7

Altars:
Makhleb
Yredelemnul

Shops:
D:4 =

Annotations:
D:5 Blork the orc


Innate Abilities, Weirdness & Mutations

You have very sharp teeth.
Your uncanny sense of smell can sniff out nearby items.
Your experience applies equally to all skills.


Message History

The orc hits you but does no damage.
You hit the orc.
You kill the orc!
The orc closely misses you.
The orc warrior hits you with a +0 scimitar!
You have reached level 6!
The orc attacks as you move away! The orc hits you but does no damage.
The orc attacks as you move away! The orc misses you.
The orc warrior attacks as you move away!
The orc warrior hits you but does no damage.
Found a knobbly diamond ring.
The orc warrior attacks as you move away!
The orc warrior misses you.
The orc warrior attacks as you move away!
The orc warrior barely misses you. The orc hits you with a +0 dagger.
The orc warrior attacks as you move away!
The orc warrior misses you. The orc attacks as you move away!
The orc barely misses you.
The orc warrior attacks as you move away!
The orc warrior hits you with a +0 scimitar!
Found a stone staircase leading up.
You see here a +6 ring of intelligence.
n - a +6 ring of intelligence The orc misses you.
The orc hits you with a +0 dagger.
The orc warrior hits you with a +0 scimitar!
* * * LOW HITPOINT WARNING * * *
The orc warrior attacks as you move away!
The orc warrior misses you. The orc closely misses you.
The orc warrior attacks as you move away!
The orc warrior barely misses you. The orc attacks as you move away!
The orc hits you but does no damage. The orc barely misses you.
The orc attacks as you move away! The orc closely misses you.
You hit the orc warrior but do no damage.
The orc hits you with a +0 dagger.
* * * LOW HITPOINT WARNING * * *
The orc warrior hits you with a +0 scimitar!!
You die...

.# .## .........## ..
...####..#.....# .# #
)......##.......# .#
#..#...#...<......###
.###.# ##.####..#......#
.....###.........#..##.#
......##...............#
#.###..........oo#...###
#...##..........@#...#
###.#..............###
#.....##...........#
#...#..#...........#
..........?......#.#
.#####.#.........#.# .#
#.#...........# ##
#........P.P..# ..
##........_...


You could see an orc warrior and an orc.

Vanquished Creatures
  A black bear (D:5)
  A scorpion (D:5)
  An iguana (D:5)
  3 adders
  An ufetubus (D:5)
  2 orcs
  An endoplasm (D:4)
  4 jackals (D:4)
  A quokka (D:4)
  A ball python (D:4)
16 creatures vanquished.

Notes
Turn   | Place    | Note
-------+----------+-------------------------------------------
     0 | D:5      | Reached skill level 9 in Stealth
     0 | D:5      | DocClef the Gnoll Delver began the quest for the Orb.
     0 | D:5      | Reached XP level 1. HP: 23/23 MP: 1/1
     7 | D:5      | Noticed a scorpion
    25 | D:5      | Killed a scorpion
    26 | D:5      | Reached skill level 1 in Long Blades
    26 | D:5      | Reached skill level 1 in Axes
    26 | D:5      | Reached skill level 1 in Maces & Flails
    26 | D:5      | Reached skill level 1 in Polearms
    26 | D:5      | Reached skill level 1 in Staves
    26 | D:5      | Reached skill level 1 in Slings
    26 | D:5      | Reached skill level 1 in Bows
    26 | D:5      | Reached skill level 1 in Crossbows
    26 | D:5      | Reached skill level 1 in Throwing
    26 | D:5      | Reached skill level 1 in Armour
    26 | D:5      | Reached skill level 1 in Shields
    26 | D:5      | Reached skill level 1 in Unarmed Combat
    26 | D:5      | Reached skill level 1 in Spellcasting
    26 | D:5      | Reached skill level 1 in Invocations
    26 | D:5      | Reached skill level 1 in Evocations
    26 | D:5      | Reached XP level 2. HP: 7/29 MP: 1/3
    26 | D:5      | Reached XP level 3. HP: 8/35 MP: 1/4
    26 | D:5      | Reached XP level 4. HP: 10/41 MP: 1/5
   309 | D:5      | Noticed a black bear
   314 | D:5      | Killed a black bear
   315 | D:5      | Reached skill level 1 in Conjurations
   315 | D:5      | Reached skill level 1 in Hexes
   315 | D:5      | Reached skill level 1 in Summonings
   315 | D:5      | Reached skill level 1 in Necromancy
   315 | D:5      | Reached skill level 1 in Translocations
   315 | D:5      | Reached skill level 1 in Transmutations
   315 | D:5      | Reached skill level 1 in Fire Magic
   315 | D:5      | Reached skill level 1 in Ice Magic
   315 | D:5      | Reached skill level 1 in Air Magic
   315 | D:5      | Reached skill level 1 in Earth Magic
   315 | D:5      | Reached skill level 1 in Poison Magic
   315 | D:5      | Reached XP level 5. HP: 47/47 MP: 5/7
   587 | D:5      | Noticed Blork the orc
   821 | D:6      | Found a burning altar of Makhleb.
   906 | D:4      | Found Toijievu's Jewellery Shoppe.
  1153 | D:4      | Found a basalt altar of Yredelemnul.
  1158 | D:4      | Noticed an orc warrior
  1165 | D:4      | Reached XP level 6. HP: 41/53 MP: 8/8
  1186 | D:4      | Mangled by an orc warrior

Illustrated notes

Levels and vault maps discovered:
D:4:      layout_rooms, yredelemnul_altar_generic, serial_shops,
          nicolae_shop_crystal, kennysheep_path_1, kennysheep_generic_room_7
D:5:      layout_basic, nicolae_overflow_hidden_temple,
          mainiacjoe_overflow_large_starburst, uniq_blork_the_orc
D:6:      layout_loops_cross, grunt_temple_overflow_open,
          mainiacjoe_overflow_brackets, minmay_temple_entry_offerings

Skill      XL: |  1  2  3  4 |
---------------+-------------+-----
Stealth        | |  9.7
Long Blades    | 1 |  1.7
Axes           | 1 |  1.7
Maces & Flails | 1 |  1.7
Polearms       | 1 |  1.7
Staves         | 1 |  1.7
Slings         | 1 |  1.7
Bows           | 1 |  1.7
Crossbows      | 1 |  1.7
Throwing       | 1 |  1.7
Armour         | 1 |  1.7
Shields        | 1 |  1.7
Unarmed Combat | 1 |  1.7
Spellcasting   | 1 |  1.7
Invocations    | 1 |  1.9
Evocations     | 1 |  1.7
Conjurations   | 1 |  1.3
Hexes          | 1 |  1.3
Summonings     | 1 |  1.3
Necromancy     | 1 |  1.3
Translocations | 1 |  1.3
Transmutations | 1 |  1.3
Fire Magic     | 1 |  1.3
Ice Magic      | 1 |  1.3
Air Magic      | 1 |  1.3
Earth Magic    | 1 |  1.3
Poison Magic   | 1 |  1.3
Fighting       | |  6.7
Short Blades   | |  4.9
Dodging        | |  4.9

Action                   |  1- 3 |  4- 6 || total
-------------------------+-------+-------++-------
Melee: Short sword       |    17 |    62 ||    79
       Bite              |     4 |     7 ||    11
       Punch             |       |     1 ||     1
 Stab: Sleeping          |       |     5 ||     5
Armor: Leather armour    |     4 |    21 ||    25
Dodge: Dodged            |     8 |    57 ||    65

Table legend: (Time is in decaauts)
 A = Elapsed time spent in this place.
 B = Non-inter-level travel time spent in this place.
 C = Inter-level travel time spent in this place.
 D = Time resting spent in this place.
 E = Time spent auto-exploring this place.
 F = Levels seen in this place.
 G = Mean time per level.
                   A        B        C        D        E       F      G
               +--------+--------+--------+--------+--------+-----+--------+
         Total |   1175 |   1173 |      2 |    453 |    510 |   3 |  391.7 |
       Dungeon |   1175 |   1173 |      2 |    453 |    510 |   3 |  391.7 |
               +--------+--------+--------+--------+--------+-----+--------+

Top non-repeatable levels by time:
     D:5: 649 daAuts
     D:4: 315 daAuts
     D:6: 210 daAuts
